 Dungeon Crawl Stone Soup version 0.21-a0-279-g6037ffb (webtiles) character file.

146 JackS81 the Ruffian (level 5, 0/41 HPs)
             Began as a Formicid Fighter on Sept 24, 2017.
             Was an Initiate of the Shining One.
             Slain by an ice beast (12 damage)
             ... on level 4 of the Dungeon.
             The game lasted 00:10:20 (2349 turns).

JackS81 the Ruffian (Formicid Fighter)              Turns: 2349, Time: 00:10:20

Health: 0/41       AC: 11    Str: 22    XL:     5   Next: 53%
Magic:  5/5        EV:  4    Int:  7    God:    the Shining One [......]
Gold:   99         SH:  9    Dex: 10    Spells: 4/4 levels left

rFire    . . .     SeeInvis +     - Unarmed
rCold    . . .     Gourm    .   b - +0 shield
rNeg     . . .     Faith    .   f - +0 plate armour
rPois    +         Spirit   .   (helmet unavailable)
rElec    .         Reflect  .   (no cloak)
rCorr    .         Harm     .   (no gloves)
MR       .....                  (no boots)
Stlth    ..........             (no amulet)
HPRegen  0.13/turn              o - ring of loudness (curse)
MPRegen  0.09/turn              v - ring of poison resistance

@: glowing
A: permanent stasis, dig shafts and tunnels, four strong arms, antennae 3
a: Dig, Shaft Self, Renounce Religion


You were on level 4 of the Dungeon.
You worshipped the Shining One.
The Shining One was noncommittal.
You were not hungry.

You visited 1 branch of the dungeon, and saw 4 of its levels.

You collected 99 gold pieces.

Inventory:

Missiles
 r - 18 arrows
Armour
 a - a +0 scale mail
 b - a +0 shield (worn)
 f - a +0 plate armour (worn)
Jewellery
 o - a cursed ring of loudness (left hand)
 v - a ring of poison resistance (right hand)
Scrolls
 l - a scroll of recharging
 q - 2 scrolls of identify
 t - a scroll of magic mapping {unknown}
Potions
 c - 4 potions of might
 e - a potion of haste {unknown}
 i - a potion of berserk rage {unknown}
 j - 3 potions of flight
 k - 2 potions of degeneration
 m - a potion of cancellation {unknown}
 n - a potion of heal wounds {unknown}
 s - a potion of lignification {unknown}
Comestibles
 d - 3 bread rations
 g - 2 royal jellies
 h - 3 meat rations
 p - a chunk of flesh


   Skills:
 - Level 3.2 Fighting
 + Level 4.0 Armour
 + Level 3.9 Shields
 + Level 4.6 Unarmed Combat
 * Level 0.2 Invocations


You had 4 spell levels left.
You didn't know any spells.

Dungeon Overview and Level Annotations

Branches:
Dungeon (4/15)
 Temple: D:4-7

Altars:
Elyvilon
Ru
The Shining One


Innate Abilities, Weirdness & Mutations

You cannot be hasted, slowed, berserked, paralysed or teleported.
You can dig through walls and to a lower floor.
Your four strong arms can wield two-handed weapons with a shield.
You have a pair of large antennae on your head. (SInv)


Message History

The ice beast is lightly wounded.
You block the ice beast's attack.
Your shield and plate armour prevent you from hitting the ice beast.
The ice beast is lightly wounded.
The ice beast hits you but does no damage.
You closely miss the ice beast.
The ice beast is lightly wounded.
The ice beast hits you. The ice beast freezes you!
You punch the ice beast!
The ice beast is moderately wounded.
You block the ice beast's attack.
Your shield and plate armour prevent you from hitting the ice beast.
The ice beast is moderately wounded.
You block the ice beast's attack.
You hit the ice beast.
The ice beast is heavily wounded.
The ice beast hits you.
* * * LOW HITPOINT WARNING * * *
The ice beast freezes you!
You die...

######## #..<...#
#.####.# #
#....#.# ...
######.#.#
##...#........#
..........#.##.#
#####.#.#Y.....#
...#.#@..#### ###
#.#...# #.#...#
#.#...####.#
#.#........#
#.#..############
#.#...<..........
#.##.#.#.......).
#....#.#.........


You could see an ice beast.

Vanquished Creatures
  A hound (D:4)
  An iguana (D:4)
  An adder (D:2)
  3 worms
  A dart slug (D:1)
  3 leopard geckos
  A ball python (D:2)
  7 bats
  6 giant cockroaches
  4 hobgoblins
  8 jackals
  8 kobolds
  5 frilled lizards
  8 goblins
  11 rats
68 creatures vanquished.

Notes
Turn   | Place    | Note
-------+----------+-------------------------------------------
     0 | D:1      | JackS81 the Formicid Fighter began the quest for the Orb.
     0 | D:1      | Reached XP level 1. HP: 18/18 MP: 1/1
    61 | D:1      | Reached XP level 2. HP: 15/24 MP: 2/2
   376 | D:1      | Reached XP level 3. HP: 29/29 MP: 3/3
   992 | D:2      | Reached XP level 4. HP: 28/35 MP: 4/4
  1212 | D:2      | HP: 1/35 [poisoned by an adder]
  1521 | D:2      | Found a white marble altar of Elyvilon.
  1688 | D:2      | Found a sacrificial altar of Ru.
  1956 | D:3      | Found a faded altar of an unknown god.
  1982 | D:3      | Found a glowing golden altar of the Shining One.
  1989 | D:3      | Became a worshipper of the Shining One
  2293 | D:4      | Reached XP level 5. HP: 35/41 MP: 5/5
  2325 | D:4      | Noticed an ice beast
  2349 | D:4      | Slain by an ice beast

Vault maps used:
D:1:      onia_arrival_pentagram, serial_forest, infiniplex_forest_pool,
          infiniplex_forest_end_2, infiniplex_forest_straight_1,
          infiniplex_forest_straight_4, infiniplex_forest_clump_curved,
          infiniplex_forest_lined_2, infiniplex_forest_lined_4_way,
          infiniplex_forest_clump_medium
D:2:      nicolae_ru_path_of_blood, overflow_temple_1_default
D:3:      tso_altar, chequers_ecumenical_altar_simple_redux, first_bread

Skill      XL: |  1  2  3  4  5 |
---------------+----------------+-----
Unarmed Combat | 3 4 |  4.6
Armour         | 4 |  4.0
Fighting       | |  3.2
Shields        | |  3.9
Invocations    | |  0.2

Action                   |  1- 3 |  4- 6 || total
-------------------------+-------+-------++-------
Melee: Unarmed           |   213 |   199 ||   412
  Use: Scroll            |       |     6 ||     6
       Potion            |       |     1 ||     1
  Eat: Chunk             |     1 |     4 ||     5
Armor: Scale mail        |    37 |       ||    37
       Plate armour      |    87 |   111 ||   198
Dodge: Dodged            |    52 |    27 ||    79
Block: Shield            |   124 |   101 ||   225

Table legend:
 A = Spawn XP
 B = Non-spawn XP
 C = Spawn XP percentage of total XP
 D = Spawn monster count
 E = Non-spawn monster count
 F = Spawn count percentage of total count
 G = Total turns spent on level
                    A         B        C        D         E        F      G
               +---------+---------+-------+---------+---------+-------+---------
         Total |       0 |     209 |   0.0 |       0 |      68 |   0.0 |  2349
               +---------+---------+-------+---------+---------+-------+---------
           D:1 |       0 |      56 |   0.0 |       0 |      32 |   0.0 |   874
           D:2 |       0 |      48 |   0.0 |       0 |      18 |   0.0 |   915
           D:3 |       0 |      29 |   0.0 |       0 |      16 |   0.0 |   480
           D:4 |       0 |      76 |   0.0 |       0 |       2 |   0.0 |    80
               +---------+---------+-------+---------+---------+-------+---------
